 Dungeon Crawl Stone Soup version 0.31-a0-1172-g9944ec47dd (webtiles) character file.

Game seed: 15932597551820129112

2 bmb222 the Trooper (level 1, -1/18 HPs)
             Began as a Demonspawn Fighter on Dec 10, 2023.
             Frozen to death by an endoplasm (5 damage)
             ... on level 1 of the Dungeon.
             The game lasted 00:00:05 (26 turns).

bmb222 the Trooper (Demonspawn Fighter)               Turns: 26, Time: 00:00:06

Health: -1/18      AC:  6    Str: 16    XL:     1   Next: 25%
Magic:  1/1        EV:  8    Int:  8    God:
Gold:   17         SH:  4    Dex: 12    Spells: 0/0 levels left

rFire   . . .        a - +0 flail
rCold   . . .        c - +0 buckler
rNeg    . . .        b - +0 scale mail
rPois   .            (no helmet)
rElec   .            (no cloak)
rCorr   .            (no gloves)
SInv    .            (no boots)
Will    .....        (no amulet) Stlth
                     (no ring)
HPRegen 0.23/turn    (no ring)
MPRegen 0.07/turn

%: no passive effects
@: no status effects
A: no striking features
a: no special abilities


You were on level 1 of the Dungeon.
You visited 1 branch of the dungeon, and saw 1 of its levels.

You collected 17 gold pieces.

Inventory:

Hand Weapons
 a - a +0 flail (weapon)
Armour
 b - a +0 scale mail (worn)
 c - a +0 buckler (worn)
Potions
 d - a potion of might


   Skills:
 + Level 3.0 Fighting
 + Level 1.7 Maces & Flails
 + Level 2.8 Armour
 + Level 2.6 Shields


You couldn't memorise any spells.
You didn't know any spells.
Your spell library was empty.

Dungeon Overview and Level Annotations

Branches:
Dungeon (1/15)

Altars:


Message History

You are too injured to fight recklessly!
There are monsters nearby!
You are too injured to fight recklessly!
There are monsters nearby!
You are too injured to fight recklessly!
There are monsters nearby!
You are too injured to fight recklessly!
Unknown command.
There are monsters nearby!
You are too injured to fight recklessly!
There are monsters nearby!
You are too injured to fight recklessly!
Unknown command.
You are too injured to fight recklessly!
You barely miss the kobold. You block the endoplasm's attack.
The kobold hits you but does no damage. The hobgoblin closely misses you.
You sock the kobold!
You kill the kobold!
The hobgoblin hits you. The endoplasm barely misses you.
A bat comes into view.
Found 14 gold pieces.
The hobgoblin hits you but does no damage.
The endoplasm hits you but does no damage.
You see here a +2 short sword of freezing.
Found a fuming brown potion and 8 gold pieces.
The bat hits you.
The hobgoblin hits you but does no damage.
The endoplasm attacks as it pursues you!
The endoplasm barely misses you.
You thump the bat!
You kill the bat!
The endoplasm hits you but does no damage.
The hobgoblin hits you but does no damage.
The endoplasm hits you. The hobgoblin hits you.
* * * LOW HITPOINT WARNING * * *
Unknown command.
You closely miss the hobgoblin. The endoplasm freezes you.
You are frozen.
You die...

..$........#
.....$....#
.........#
#........#
!.?..$..# .......#
###†.....#
♣♣.#@.....#. ####
..#Jg...... #.<#
♣.#........
+..#####.#......!.
#'##...'........#.
#).'.♣.'.#..#####
##.'...#.#.##
#######.### ..#


You could see an endoplasm and a hobgoblin.

Vanquished Creatures
  A bat (D:1)
  2 kobolds (D:1)
3 creatures vanquished.

Notes
Turn   | Place    | Note
-------+----------+-------------------------------------------
     0 | D:1      | bmb222 the Demonspawn Fighter began the quest for the Orb.
     0 | D:1      | Reached XP level 1. HP: 18/18 MP: 1/1
    26 | D:1      | Frozen to death by an endoplasm

Illustrated notes

Levels and vault maps discovered:
D:1:      sevenhm_arrival_forest_fort_small_3, layout_rooms, minmay_ruptured

Action                     || total
---------------------------++-------
  Melee: Flail             ||     9
 Armour: Scale mail        ||    17
  Dodge: Dodged            ||     5
  Block: Buckler           ||     4

Table legend: (Time is in decaauts)
 A = Elapsed time spent in this place.
 B = Non-inter-level travel time spent in this place.
 C = Inter-level travel time spent in this place.
 D = Time resting spent in this place.
 E = Time spent auto-exploring this place.
 F = Levels seen in this place.
 G = Mean time per level.
                   A        B        C        D        E       F      G
               +--------+--------+--------+--------+--------+-----+--------+
         Total |     29 |     29 |      0 |      0 |     12 |   1 |   29.0 |
       Dungeon |     29 |     29 |      0 |      0 |     12 |   1 |   29.0 |
               +--------+--------+--------+--------+--------+-----+--------+

Top non-repeatable levels by time:
     D:1: 29 daAuts
